 Dungeon Crawl Stone Soup version 0.26-a0-712-ga5a9c9c9d0 (webtiles) character file.

Game seed: 16086472323551903728

170 kae the Changer (level 5, -1/44 HPs)
             Began as a Naga Transmuter on Nov 3, 2020.
             Slain by Terence
             ... wielding a +0 morningstar
              (7 damage)
             ... on level 3 of the Dungeon.
             The game lasted 00:02:47 (3073 turns).

kae the Changer (Naga Transmuter)                   Turns: 3073, Time: 00:02:47

Health: -1/44      AC:  2    Str: 13    XL:     5   Next: 51%
Magic:  1/8        EV: 10    Int: 13    God:
Gold:   71         SH:  0    Dex: 12    Spells: 4/8 levels left

rFire    x . .     SeeInvis +     - Unarmed
rCold    + . .     Faith    .   (no shield)
rNeg     . . .     Spirit   .   a - +0 robe
rPois    +         Reflect  .   (helmet currently unavailable)
rElec    .         Harm     .   (no cloak)
rCorr    .         Rampage  .   (no gloves)
MR       .....                  (no barding)
Stlth    +.........             l - amulet of regeneration
HPRegen  0.54/turn              b - ring of ice
MPRegen  0.11/turn              (no ring)

@: mighty, brilliant, appendages, very slightly contaminated, very slow
A: large, horns 2, see invisible, deformed body, poison resistance, slowness 2,
spit poison 1, AC +1
a: Spit Poison, End Transformation


You were on level 3 of the Dungeon.
You had grown temporary horns.
You visited 1 branch of the dungeon, and saw 3 of its levels.

You collected 71 gold pieces.

Inventory:

Armour
 a - a +0 robe (worn)
Jewellery
 b - a ring of ice (left hand)
 l - an amulet of regeneration (around neck)
Scrolls
 c - 2 scrolls of magic mapping {unknown}
 d - 2 scrolls of identify {unknown}
 e - a scroll of enchant armour {unknown}
 f - 2 scrolls of teleportation {unknown}
 i - a scroll of remove curse {unknown}
 j - 2 scrolls of amnesia {unknown}
Potions
 k - 2 potions of berserk rage {unknown}


   Skills:
 - Level 1.0 Fighting
 - Level 1.5 Dodging
 + Level 3.9 Unarmed Combat
 - Level 2.0 Spellcasting
 * Level 4.1 Transmutations
 * Level 3.2 Poison Magic


You had 4 spell levels left.
You knew the following spells:

 Your Spells              Type           Power        Failure   Level
a - Beastly Appendage     Tmut           ###...       4%          1
b - Spider Form           Tmut/Pois      ###.......   17%         3

Your spell library contained the following spells:

 Spells                   Type           Power        Failure   Level
 Wereblood                Tmut           ###.....     7%          2
 Ice Form                 Ice/Tmut       ##......     73%         4
 Blade Hands              Tmut           ###.......   78%         5


Dungeon Overview and Level Annotations

Branches:
Dungeon (3/15)

Altars:
Nemelex Xobeh
Qazlal
The Shining One

Annotations:
D:3 Terence


Innate Abilities, Weirdness & Mutations

You cannot wear boots.
Your serpentine skin is tough. (AC +1)
You have supernaturally acute eyesight. (SInv)
Armour fits poorly on your strangely shaped body.
Your system is resistant to poisons. (rPois)
You cover ground very slowly.
You can spit poison.
You have a pair of horns on your head.


Message History

You extend your transformation's duration.
Terence hits you with a +0 morningstar! Terence hits you with a +0 morningstar.
You closely miss Terence.
Terence is lightly wounded.
You have got your breath back.
The orc hits you with a +0 war axe. Terence hits you with a +0 morningstar!
The orc hits you with a +0 war axe!
* * * LOW HITPOINT WARNING * * *
Terence looks more healthy.
Terence hits you with a +0 morningstar!
* * * LOW HITPOINT WARNING * * *
The orc closely misses you.
It was a potion of brilliance.
You feel clever all of a sudden. Terence completely misses you.
The orc closely misses you.
It was a potion of might.
You feel very mighty all of a sudden. Terence hits you with a +0 morningstar!
You die...

..# ###.# ##+#...########
#.............##
#..............#
####..............#
..............###.#
.......o@.....# #.#
........@.....# ..
#.#+##........######
..##.............########
..##.................))<#
..##.......##+#.#########
..##.......##.#.########
..##.......##...........
...........##...########
...##......##.........#


You could see Terence and an orc.

Vanquished Creatures
  Natasha (D:3)
  5 adders (D:2)
  4 gnolls (D:3)
  2 worms (D:2)
  2 dart slugs
  6 bats
  2 giant cockroaches
  7 goblins
  6 hobgoblins
  7 jackals (D:1)
  4 kobolds
  A quokka (D:2)
  2 frilled lizards
  7 rats
56 creatures vanquished.

Notes
Turn   | Place    | Note
-------+----------+-------------------------------------------
     0 | D:1      | kae the Naga Transmuter began the quest for the Orb.
     0 | D:1      | Reached XP level 1. HP: 18/18 MP: 3/3
   317 | D:1      | Reached XP level 2. HP: 25/25 MP: 3/5
  1032 | D:1      | Reached skill level 3 in Transmutations
  1144 | D:1      | Reached XP level 3. HP: 27/31 MP: 4/6
  1149 | D:1      | Learned a level 3 spell: Spider Form
  1731 | D:2      | Found a glowing golden altar of the Shining One.
  1733 | D:2      | Found a stormy altar of Qazlal.
  1733 | D:2      | Found a sparkling altar of Nemelex Xobeh.
  1742 | D:2      | Reached skill level 1 in Poison Magic
  1871 | D:2      | Reached XP level 4. HP: 38/38 MP: 2/7
  2787 | D:3      | Noticed Natasha
  2798 | D:3      | Killed Natasha
  2798 | D:3      | Reached XP level 5. HP: 27/44 MP: 1/8
  3026 | D:3      | Reached skill level 4 in Transmutations
  3055 | D:3      | Noticed Terence
  3073 | D:3      | Slain by Terence

Illustrated notes

Levels and vault maps discovered:
D:1:      ncdulo_lavacross, layout_loops_ring, minmay_tree_intersection
D:2:      layout_loops_ring, chequers_temple_overflow_statue_of_worship,
          minmay_bisected
D:3:      layout_basic, uniq_robin, uniq_terence, uniq_natasha

Skill      XL: |  1  2  3  4  5 |
---------------+----------------+-----
Transmutations | 3 4 |  4.1
Poison Magic   | 1 2 3 |  3.2
Fighting       | |  1.0
Dodging        | |  1.5
Unarmed Combat | |  3.9
Spellcasting   | |  2.0

Action                   |  1- 3 |  4- 6 || total
-------------------------+-------+-------++-------
Melee: Unarmed           |    51 |    75 ||   126
       Headbutt          |     6 |     1 ||     7
       Punch             |       |     2 ||     2
 Cast: Beastly Appendage |    19 |    10 ||    29
       Spider Form       |     1 |     7 ||     8
 Abil: Spit Poison       |    27 |    11 ||    38
  Use: Potion            |     2 |     2 ||     4
 Stab: Sleeping          |       |     1 ||     1
Armor: Robe              |     8 |    12 ||    20
       Skin              |       |     6 ||     6
Dodge: Dodged            |    35 |    59 ||    94

Table legend: (Time is in decaauts)
 A = Elapsed time spent in this place.
 B = Non-inter-level travel time spent in this place.
 C = Inter-level travel time spent in this place.
 D = Time resting spent in this place.
 E = Time spent auto-exploring this place.
 F = Levels seen in this place.
 G = Mean time per level.
                   A        B        C        D        E       F      G
               +--------+--------+--------+--------+--------+-----+--------+
         Total |   3564 |   3522 |     42 |    104 |   2965 |   3 | 1188.0 |
       Dungeon |   3564 |   3522 |     42 |    104 |   2965 |   3 | 1188.0 |
               +--------+--------+--------+--------+--------+-----+--------+

Top non-repeatable levels by time:
     D:1: 1619 daAuts
     D:2: 1616 daAuts
     D:3: 328 daAuts
